 Dungeon Sprint DCSS version 0.30.1-4-g462c640d31 (webtiles) character file.

Game seed: 8493242274227268182

9985 Heoruswealwe the Ninja (level 11, -3/63 HPs)
             Began as a Spriggan Monk on Sept 8, 2023.
             Was an Initiate of Gozag.
             Slain by a demonic crawler (19 damage)
             ... in the Dungeon (Sprint I: "Red Sonja").
             The game lasted 00:33:26 (1291 turns).

Heoruswealwe the Ninja (Spriggan Monk)              Turns: 1291, Time: 00:33:28

Health: -3/63      AC:  2    Str:  7    XL:     11   Next: 30%
Magic:  12/12      EV: 36    Int: 11    God:    Gozag
Gold:   728        SH:  0    Dex: 23    Spells: 10/10 levels left

rFire   . . .        a - +4 rapier (drain)
rCold   . . .        (no shield)
rNeg    + . .        c - +0 robe
rPois   .            (helmet restricted)
rElec   .            (no cloak)
rCorr   .            (gloves unavailable)
SInv    +            (boots unavailable)
Will    +....        (no amulet)
Stlth   ++++++++++   k - ring of positive energy
HPRegen 0.30/turn    (no ring)
MPRegen 0.13/turn

%: no teleportation
@: mighty, gold aura, very quick
A: very small, no large weapons, unfitting armour, see invisible, speed 3
a: Renounce Religion, Potion Petition, Call Merchant, Bribe Branch


You were in the Dungeon.
You worshipped Gozag.
Gozag was pleased with you.
You visited 1 branch You collected 3722 gold pieces.
You spent 2965 gold pieces at shops.
You donated 29 gold pieces to Zin.

Inventory:

Hand Weapons
 a - a +4 rapier of draining (weapon)
Armour
 c - a +0 robe (worn)
 h - a +0 cloak
 i - +1 ice dragon scales
 u - +2 fire dragon scales
Jewellery
 k - a ring of positive energy (left hand)
Wands
 d - a wand of paralysis (7)
 p - a wand of polymorph (10)
Scrolls
 j - 2 scrolls of blinking
 l - 2 scrolls of enchant armour
 q - a scroll of fog {unknown}
 r - 2 scrolls of amnesia {unknown}
 s - 4 scrolls of vulnerability {unknown}
Potions
 b - a potion of mutation
 e - 8 potions of curing
 f - 2 potions of heal wounds
 w - a potion of invisibility
 x - a potion of cancellation


   Skills:
 + Level 10.1 Fighting
 + Level 12.9 Short Blades
 * Level 18.0 Dodging
 O Level 27 Stealth


You had 10 spell levels left.
You didn't know any spells.
Your spell library contained the following spells:

 Spells                   Type           Power      Damage    Failure   Level
 Animate Armour           Summ/Erth      0%         N/A       98%         4
 Blade Hands              Tmut           0%         N/A       100%        5
 Iron Shot                Conj/Erth      0%         9d1       100%        6


Dungeon Overview and Level Annotations

Branches:
Dungeon (1/1)

Altars:
Cheibriados
Dithmenos
Elyvilon
Fedhas
Gozag
Hepliaklqana
Kikubaaqudgha
Makhleb
Nemelex Xobeh
Okawaru
Qazlal
Ru
Sif Muna
Trog
Uskayaw
Vehumet
Wu Jian
Xom
Yredelemnul
Zin
The Shining One
Jiyva
Lugonu

Shops:
D [**=(::*:=!(**:*:!=[[


Innate Abilities, Weirdness & Mutations

You are very small and have problems with some larger weapons.
You are too small for most types of armour.
You have supernaturally acute eyesight. (SInv)
You cover ground extremely quickly. (Speed+++)


Message History

The demonic crawler closely misses you.
The demonic crawler completely misses you.
The demonic crawler misses you.
You closely miss the demonic crawler.
The demonic crawler completely misses you.
The demonic crawler misses you.
The demonic crawler completely misses you.
You barely miss the demonic crawler. You hit the demonic crawler.
The demonic crawler is lightly wounded.
The demonic crawler misses you. x2
The demonic crawler completely misses you.
You hit the demonic crawler.
The demonic crawler is lightly wounded.
The demonic crawler hits you! The demonic crawler misses you.
The demonic crawler completely misses you.
You hit the demonic crawler.
The demonic crawler is lightly wounded.
You hit the demonic crawler.
The demonic crawler is lightly wounded.
The demonic crawler completely misses you.
The demonic crawler barely misses you. The demonic crawler hits you!
You puncture the demonic crawler!
The demonic crawler is moderately wounded.
The demonic crawler closely misses you. The demonic crawler misses you.
The demonic crawler closely misses you.
You hit the demonic crawler but do no damage.
The demonic crawler is moderately wounded.
The demonic crawler closely misses you. The demonic crawler misses you.
The demonic crawler barely misses you.
You impale the demonic crawler!!
The demonic crawler is heavily wounded.
You puncture the demonic crawler!
The demonic crawler is severely wounded.
The demonic crawler completely misses you.
The demonic crawler hits you!
* * * LOW HITPOINT WARNING * * *
The demonic crawler hits you!!
You die...
Your body crumbles into a pile of gold.

########################
.#..)..#.)'..#__#..'..)# $
$$
.'[.#..'..#..'..@s.#...##+#$
.#####'#####'#__####)..ss.#$
.####..#...#[####§[#####s.+$
$ .#__####..##.#§§§.§#..# ##
$ .#_____##'#_.+§~~§.+..# $
⌠#_.∩...'..._#§§§..#..# $$
##_..__##_.#'##+#####'###
$#_____###'#[#)!).###.+§#
##########.####'###.###§#


You could see a demonic crawler.

Vanquished Creatures
  2 centaur warriors (D)
  Sonja (D)
  A deep troll (D)
  8 shining eyes (D)
  An oklob plant (D)
  3 demonic crawlers (D)
  2 unseen horrors (D)
  2 kobold demonologists (D)
  A hornet (D)
  A slime creature (D)
  Sigmund (D)
  A yak (D)
  2 redbacks (D)
  6 floating eyes (D)
  An ogre (D)
  7 necrophages (D)
  8 jellies (D)
  Ijyb (D)
  A ballistomycete spore (D)
50 creatures vanquished.

Vanquished Creatures (others)
  A ballistomycete spore (D)
1 creature vanquished.

Grand Total: 51 creatures vanquished

Notes
Turn   | Place    | Note
-------+----------+-------------------------------------------
     0 | D        | Heoruswealwe the Spriggan Monk began the quest for the Orb.
     0 | D        | Reached XP level 1. HP: 11/11 MP: 2/2
     1 | D        | Noticed Ijyb
     7 | D        | Killed Ijyb
     8 | D        | Reached skill level 8 in Stealth
     8 | D        | Reached XP level 2. HP: 14/16 MP: 3/3
    41 | D        | Noticed an ogre
    48 | D        | Killed an ogre
    49 | D        | Reached skill level 13 in Stealth
    49 | D        | Reached XP level 3. HP: 19/19 MP: 4/4
    49 | D        | Reached XP level 4. HP: 23/23 MP: 5/5
    59 | D        | Noticed Sigmund
    62 | D        | Killed Sigmund
    63 | D        | Reached skill level 18 in Stealth
    63 | D        | Reached XP level 5. HP: 27/27 MP: 6/6
    63 | D        | Reached XP level 6. HP: 32/32 MP: 7/7
    76 | D        | Found an ornate altar of the Wu Jian Council.
    76 | D        | Found a shimmering blue altar of Sif Muna.
    78 | D        | Found a radiant altar of Vehumet.
    92 | D        | Reached skill level 19 in Stealth
   127 | D        | Found Feqex's Jewellery Emporium.
   127 | D        | Found an ancient bone altar of Kikubaaqudgha.
   127 | D        | Found a hazy altar of Hepliaklqana.
   127 | D        | Found a stormy altar of Qazlal.
   127 | D        | Found a hide-covered altar of Uskayaw.
   127 | D        | Found a blossoming altar of Fedhas.
   127 | D        | Found a bloodstained altar of Trog.
   127 | D        | Found an iron altar of Okawaru.
   127 | D        | Found a basalt altar of Yredelemnul.
   127 | D        | Found a glowing golden altar of the Shining One.
   127 | D        | Found a snail-covered altar of Cheibriados.
   127 | D        | Found a sacrificial altar of Ru.
   127 | D        | Found a glowing silver altar of Zin.
   127 | D        | Found a shadowy altar of Dithmenos.
   127 | D        | Found a white marble altar of Elyvilon.
   127 | D        | Noticed a yak
   128 | D        | Found an opulent altar of Gozag.
   129 | D        | Killed a yak
   130 | D        | Reached skill level 21 in Stealth
   130 | D        | Found a sparkling altar of Nemelex Xobeh.
   135 | D        | Became a worshipper of Zin the Law-Giver
   135 | D        | Reached * piety under Zin
   135 | D        | Reached ** piety under Zin
   135 | D        | Reached *** piety under Zin
   135 | D        | Reached **** piety under Zin
   135 | D        | Reached ***** piety under Zin
   135 | D        | Reached ****** piety under Zin
   144 | D        | Noticed Sonja
   148 | D        | Killed Sonja
   149 | D        | Reached skill level 24 in Stealth
   149 | D        | Reached XP level 7. HP: 35/35 MP: 8/8
   166 | D        | Found Raen's Antique Armour Boutique.
   177 | D        | Noticed a shining eye
   177 | D        | Noticed a shining eye
   177 | D        | Noticed a shining eye
   177 | D        | Noticed a shining eye
   177 | D        | Noticed a shining eye
   177 | D        | Noticed a shining eye
   180 | D        | Reached skill level 25 in Stealth
   180 | D        | Reached XP level 8. HP: 39/39 MP: 9/9
   180 | D        | Noticed a shining eye
   180 | D        | Noticed a shining eye
   185 | D        | Reached skill level 5 in Dodging
   188 | D        | Killed a shining eye
   189 | D        | Reached skill level 5 in Short Blades
   190 | D        | Paralysed by a floating eye for 3 turns
   194 | D        | Killed a shining eye
   196 | D        | Paralysed by a floating eye for 3 turns
   204 | D        | Killed a shining eye
   204 | D        | Paralysed by a floating eye for 3 turns
   205 | D        | Reached skill level 5 in Fighting
   205 | D        | Reached skill level 26 in Stealth
   205 | D        | Reached XP level 9. HP: 47/47 MP: 10/10
   212 | D        | Paralysed by a floating eye for 3 turns
   221 | D        | Paralysed by a floating eye for 3 turns
   269 | D        | Killed a shining eye
   302 | D        | Killed a shining eye
   303 | D        | Reached skill level 10 in Dodging
   329 | D        | Killed a shining eye
   371 | D        | Killed a shining eye
   372 | D        | Reached skill level 27 in Stealth
   372 | D        | Reached XP level 10. HP: 55/55 MP: 11/11
   401 | D        | Killed a shining eye
   402 | D        | Reached skill level 10 in Short Blades
   430 | D        | Fell from the grace of Zin
   430 | D        | Became a worshipper of Gozag Ym Sagoz the Greedy
   445 | D        | Noticed a deep troll
   465 | D        | Killed a deep troll
   490 | D        | Found Oghefaam's Armour Emporium.
   611 | D        | Found Niono's Assorted Antiques.
   611 | D        | Found Akoil's Weapon Shop.
   611 | D        | Found Ofudinke's Assorted Antiques.
   611 | D        | Found Nippeux's Book Boutique.
   615 | D        | Bought 2 scrolls labelled SUMABY ULAEMO for 40 gold pieces
   615 | D        | Bought a scroll labelled NIACIKLA QOROSAH for 20 gold
                  | pieces
   615 | D        | Bought a scroll labelled NIACIKLA QOROSAH for 20 gold
                  | pieces
   618 | D        | Bought a scroll labelled VETYCS CUIZAY for 27 gold pieces
   618 | D        | Bought a scroll labelled MUF ZIDEACATY for 27 gold pieces
   618 | D        | Bought a copper wand for 108 gold pieces
   618 | D        | Bought a scroll labelled VETYCS CUIZAY for 27 gold pieces
   618 | D        | Bought a scroll labelled LAUM LAKOUC for 27 gold pieces
   662 | D        | Noticed a centaur warrior
   662 | D        | Noticed a centaur warrior
   672 | D        | Killed a centaur warrior
   674 | D        | Killed a centaur warrior
   718 | D        | Noticed an oklob plant
   720 | D        | Killed an oklob plant
   721 | D        | Reached skill level 15 in Dodging
   763 | D        | Reached XP level 11. HP: 62/62 MP: 12/12
   931 | D        | Found Niov's Assorted Antiques.
   931 | D        | Found Fycaox's Book Shop.
   931 | D        | Found Ankufeb's Book Boutique.
   937 | D        | Found Noxirgh's Distillery.
   937 | D        | Found Asocs's Armour Emporium.
   937 | D        | Found Zyacko's Jewellery Emporium.
   939 | D        | Found Gadat's Book Boutique.
   939 | D        | Found Maquyj's Assorted Antiques.
   939 | D        | Found Fanyemam's Book Shop.
   939 | D        | Found Rittitz's General Store.
   939 | D        | Found Nuqiv's Assorted Antiques.
   939 | D        | Found Butwinir's Antique Weapon Shoppe.
   939 | D        | Found Qeqijoes's Distillery.
   943 | D        | Found Gidoer's Jewellery Emporium.
   947 | D        | Bought a scroll labelled NIACIKLA QOROSAH for 23 gold
                  | pieces
   947 | D        | Bought a scroll labelled KOG XEUTWUAXAG for 23 gold pieces
   947 | D        | Bought a scroll labelled XARHYXKOSA for 23 gold pieces
   947 | D        | Bought a scroll labelled VETYCS CUIZAY for 23 gold pieces
   950 | D        | Bought a scroll labelled KOG XEUTWUAXAG for 29 gold pieces
   950 | D        | Bought a wand of polymorph (5) for 203 gold pieces
   950 | D        | Bought a scroll labelled KOG XEUTWUAXAG for 29 gold pieces
   950 | D        | Bought a scroll labelled KOG XEUTWUAXAG for 29 gold pieces
   955 | D        | Bought a scroll labelled HAHUZI SETO for 23 gold pieces
   955 | D        | Bought a scroll labelled MUF ZIDEACATY for 23 gold pieces
   970 | D        | Bought a scroll of identify for 26 gold pieces
   982 | D        | Identified a scroll of acquirement
   988 | D        | Acquired a +1 rapier of draining
  1006 | D        | Bought a potion of curing for 36 gold pieces
  1006 | D        | Bought a potion of heal wounds for 60 gold pieces
  1006 | D        | Bought a potion of curing for 36 gold pieces
  1006 | D        | Bought a potion of curing for 36 gold pieces
  1006 | D        | Bought a potion of mutation for 96 gold pieces
  1006 | D        | Bought a potion of attraction for 36 gold pieces
  1006 | D        | Bought a potion of degeneration for 12 gold pieces
  1006 | D        | Bought a potion of lignification for 36 gold pieces
  1011 | D        | Bought 2 potions of brilliance for 104 gold pieces
  1011 | D        | Bought a scroll of immolation for 52 gold pieces
  1011 | D        | Bought a potion of heal wounds for 65 gold pieces
  1011 | D        | Bought +2 fire dragon scales for 936 gold pieces
  1012 | D        | Bought a scroll of blinking for 217 gold pieces
  1014 | D        | Bought a potion of might for 52 gold pieces
  1014 | D        | Bought a potion of heal wounds for 65 gold pieces
  1014 | D        | Bought a potion of invisibility for 104 gold pieces
  1014 | D        | Bought a potion of curing for 39 gold pieces
  1014 | D        | Bought a potion of curing for 39 gold pieces
  1014 | D        | Bought a potion of cancellation for 104 gold pieces
  1116 | D        | Bought a cloak for 90 gold pieces
  1172 | D        | Found a burning altar of Makhleb.
  1172 | D        | Found a viscous altar of Jiyva.
  1172 | D        | Found a shimmering altar of Xom.
  1172 | D        | Found a corrupted altar of Lugonu.
  1251 | D        | Reached skill level 10 in Fighting
  1291 | D        | Slain by a demonic crawler

Illustrated notes

Levels and vault maps discovered:
D:        dungeon_sprint_1 [red_sonja_temple_1, red_sonja_temple_small_1]

Skill      XL: |  1  2  3  4  5  6  7  8  9 10 11 |
---------------+----------------------------------+-----
Stealth        | 8 13 18 24 25 26 27 | 27.0
Fighting       | 5 7 9 10 | 10.1
Short Blades   | 7 9 12 | 12.9
Dodging        | 8 11 16 18 | 18.0

Action                     |  1- 3 |  4- 6 |  7- 9 | 10-12 || total
---------------------------+-------+-------+-------+-------++-------
  Melee: Short sword       |     5 |     3 |   152 |   137 ||   297
         Punch             |       |       |     5 |     3 ||     8
         Rapier            |       |       |       |    55 ||    55
  Evoke: Wand              |     1 |     2 |       |    13 ||    16
    Use: Potion            |     1 |       |       |     7 ||     8
         Scroll            |       |       |       |     8 ||     8
   Stab: Sleeping          |     1 |     3 |     5 |    17 ||    26
         Distracted        |       |       |       |     2 ||     2
         Invisible         |       |       |       |     1 ||     1
  Dodge: Dodged            |     2 |       |       |   124 ||   126
